 Dungeon Crawl Stone Soup version 0.21.1-1-g345015fe64 (webtiles) character file.

2509 Jannitor the Nimble (level 9, -4/69 HPs)
             Began as a Spriggan Gladiator on May 19, 2018.
             Was an Initiate of Gozag.
             Slain by Pikel
             ... wielding a +0 whip of electrocution
              (14 damage)
             ... on level 6 of the Dungeon.
             The game lasted 00:23:37 (14194 turns).

Jannitor the Nimble (Spriggan Gladiator)           Turns: 14194, Time: 00:23:38

Health: -4/69      AC: 24    Str: 18    XL:     9   Next: 28%
Magic:  14/14      EV:  4    Int:  9    God:    Gozag
Gold:   281        SH:  0    Dex: 18    Spells: 8/8 levels left

rFire    + . .     SeeInvis +   a - +1 quarterstaff
rCold    . . .     Gourm    .   (shield currently unavailable)
rNeg     + + +     Faith    .   (armour currently unavailable)
rPois    +         Spirit   .   (helmet currently unavailable)
rElec    .         Reflect  .   (cloak currently unavailable)
rCorr    +         Harm     .   (gloves unavailable)
MR       +....     NoTele   +   (boots unavailable)
Stlth    +++.......             (no amulet)
HPRegen  0.21/turn              e - ring of resist corrosion
MPRegen  0.14/turn              p - ring of protection from fire

@: mighty, tree-form
A: very small, unfitting armour, see invisible, herbivore, slow metabolism 2
a: Potion Petition, Call Merchant, Bribe Branch, Renounce Religion


You were on level 6 of the Dungeon.
You worshipped Gozag.
Gozag was aware of your devotion.
You were not hungry.
You were a tree.
You visited 2 branches of the dungeon, and saw 9 of its levels.

You collected 1067 gold pieces.
You spent 84 gold pieces at shops.
You paid 702 gold pieces to Gozag.

Inventory:

Hand Weapons
 a - a +1 quarterstaff (weapon)
 h - a +0 quarterstaff
Missiles
 d - 5 throwing nets
 w - 7 tomahawks (quivered)
Armour
 b - a +0 robe
 c - a +0 hat (melded)
 m - a scarf of cloud immunity (melded)
 y - a +1 robe of fire resistance (melded)
Jewellery
 e - a ring of resist corrosion (left branch)
 l - a +2 ring of intelligence
 p - a ring of protection from fire (right branch)
 q - an uncursed ring of ice
Wands
 u - a wand of flame (21)
Scrolls
 g - 2 scrolls of blinking
 i - 2 scrolls of teleportation
 n - 2 scrolls of remove curse
 o - a scroll of magic mapping
 s - a scroll of immolation
 x - a scroll of enchant weapon
Potions
 j - a potion of magic
 z - a potion of mutation {unknown}
Comestibles
 f - 5 rations


   Skills:
 + Level 4.9 Fighting
 * Level 6.5 Staves
 - Level 2.0 Throwing
 + Level 9.2 Dodging
 + Level 4.0 Stealth
 + Level 6.0 Evocations


You had 8 spell levels left.
You didn't know any spells.

Dungeon Overview and Level Annotations

Branches:
Dungeon (8/15)             Temple (1/1) D:4
   Lair: D:8-11

Altars:
Ashenzari
Cheibriados
Dithmenos
Elyvilon
Fedhas
Gozag
Hepliaklqana
Makhleb
Nemelex Xobeh
Qazlal
Ru
Sif Muna
Trog
Uskayaw
Vehumet
Wu Jian
Xom
Yredelemnul
Zin
The Shining One

Shops:
D:5 [

Annotations:
D:4 exclusion: oklob plant
D:5 Dommiel19's ghost, novice NaFi
D:6 Pikel
D:7 1 exclusion


Innate Abilities, Weirdness & Mutations

You are very small and have problems with some larger weapons.
You are too small for most types of armour.
You have supernaturally acute eyesight. (SInv)
You are a herbivore.
((You cover ground extremely quickly.))
You need consume almost no food.


Message History

Pikel hits you but does no damage.
You sock Pikel!
Pikel is severely wounded.
Pikel hits you but does no damage.
You barely miss Pikel.
Pikel is severely wounded.
You closely miss Pikel.
Pikel is severely wounded.
Pikel hits you but does no damage.
You sock Pikel!
Pikel is severely wounded.
Pikel hits you but does no damage.
You are electrocuted!
* * * LOW HITPOINT WARNING * * *
You hit Pikel.
Pikel is almost dead.
Pikel hits you with a whip of electrocution.
* * * LOW HITPOINT WARNING * * *
You are electrocuted!
You die...
Your body crumbles into a pile of gold.

##.#.##.............#
.[...##....#...#.##.#
##.#####.###...#.##.#
......##.......#.##.#
##.##.#######.......#
##.##.#........)....#
...##.#.......##p####
.####.#.......##K#
..............##♣##
.#.#.##)......#...#
###..##.......#.#.#
.#.#.##.......#...#
#.##.############.#
.....########## #.#
#.#...##<.....# #.#
......#.......# #.#
#.....#.#####.###.#


You could see Pikel and a slave.

Vanquished Creatures
  A hippogriff (D:7)
  The ghost of LiquoriceLizzard the Cudgeler, an amateur DsGl (D:4)
  Menkaure (D:4)
  A sky beast (D:7)
  2 phantoms (D:5)
  2 ogres (D:5)
  2 ice beasts
  3 slaves
  A necrophage (D:6)
  3 bullfrogs
  3 scorpions (D:5)
  2 killer bees (D:7)
  2 howler monkeys
  2 crimson imps (D:5)
  A bullfrog zombie (D:5)
  A hound (D:6)
  3 jellies (D:6)
  An orc priest (D:5)
  A bullfrog skeleton (D:4)
  6 orc wizards
  Natasha (twice) (D:2)
  2 iguanas
  4 worker ants
  A killer bee zombie (D:7)
  A hound zombie (D:5)
  A hound skeleton (D:6)
  3 gnolls (D:4)
  7 adders
  An adder zombie (D:5)
  3 worms
  A leopard gecko (D:2)
  20 orcs
  11 bats
  7 giant cockroaches
  7 goblins
  7 hobgoblins
  2 jackals (D:5)
  4 kobolds
  A quokka (D:7)
  A ball python skeleton (D:4)
  4 frilled lizards
  A jackal skeleton (D:5)
  A quokka skeleton (D:5)
  4 rats
135 creatures vanquished.

Vanquished Creatures (others)
  2 fungi (D:4)
  A plant (D:4)
  15 toadstools (D:4)
18 creatures vanquished.

Grand Total: 153 creatures vanquished

Notes
Turn   | Place    | Note
-------+----------+-------------------------------------------
     0 | D:1      | Jannitor the Spriggan Gladiator began the quest for the Orb.
     0 | D:1      | Reached XP level 1. HP: 10/10 MP: 2/2
   374 | D:1      | Reached XP level 2. HP: 13/15 MP: 3/3
   872 | D:2      | Noticed Natasha
   935 | D:2      | Reached XP level 3. HP: 13/18 MP: 4/4
  1692 | D:2      | Reached skill level 5 in Dodging
  2003 | D:2      | Reached XP level 4. HP: 23/23 MP: 5/5
  2906 | D:2      | Killed Natasha
  3486 | D:3      | Reached XP level 5. HP: 22/27 MP: 6/6
  4254 | D:3      | Found a deep blue altar of Sif Muna.
  4719 | D:4      | Reached skill level 6 in Dodging
  4834 | D:4      | Noticed Menkaure
  4846 | D:5      | Entered Level 5 of the Dungeon
  5134 | D:4      | Found a staircase to the Ecumenical Temple.
  5161 | D:4      | Reached XP level 6. HP: 32/32 MP: 7/7
  5167 | D:4      | Reached skill level 1 in Evocations
  5206 | Temple   | Entered the Ecumenical Temple
  5370 | Temple   | Became a worshipper of Gozag Ym Sagoz the Greedy
  5533 | D:4      | Found a blossoming altar of Fedhas.
  5550 | D:4      | Noticed LiquoriceLizzard's ghost (amateur DsGl)
  7033 | D:5      | Reached XP level 7. HP: 19/36 MP: 8/10
  7305 | D:5      | Reached skill level 7 in Dodging
  7360 | D:5      | Found an ancient bone altar of Kikubaaqudgha.
  7362 | D:5      | Found a shimmering altar of Xom.
  7362 | D:5      | Found a white marble altar of Elyvilon.
  7364 | D:5      | Found an iron altar of Okawaru.
  7364 | D:5      | Found a hide-covered altar of Uskayaw.
  7364 | D:5      | Found a white marble altar of Elyvilon.
  8397 | D:6      | Noticed Pikel
  8429 | D:5      | Reached skill level 5 in Staves
  8691 | D:5      | Noticed Dommiel19's ghost (novice NaFi)
  8714 | D:5      | Reached XP level 8. HP: 34/42 MP: 10/12
  9356 | D:7      | Noticed a hippogriff
  9998 | D:7      | Reached skill level 8 in Dodging
 10294 | D:7      | Found a sparkling altar of Nemelex Xobeh.
 11042 | D:7      | Noticed a two-headed ogre
 11055 | D:8      | Found an ornate altar of the Wu Jian Council.
 11092 | D:7      | Killed a hippogriff
 11092 | D:7      | Reached skill level 1 in Stealth
 11092 | D:7      | Reached skill level 5 in Evocations
 11540 | D:8      | Noticed a two-headed ogre
 12276 | D:6      | Reached XP level 9. HP: 36/46 MP: 14/14
 12583 | D:5      | Reached skill level 9 in Dodging
 12643 | D:4      | Killed LiquoriceLizzard's ghost
 12916 | D:4      | Noticed an oklob plant
 13335 | D:4      | Killed Menkaure
 13840 | D:2      | Noticed Natasha
 13844 | D:2      | Killed Natasha
 14120 | D:5      | Bought a scarf of cloud immunity for 84 gold pieces
 14194 | D:6      | Slain by Pikel

Skill      XL: |  1  2  3  4  5  6  7  8  9 |
---------------+----------------------------+-----
Fighting       | 2 3 4 |  4.9
Dodging        | 5 6 7 8 9 |  9.2
Staves         | 3 4 5 6 |  6.5
Evocations     | 2 4 5 6 |  6.0
Stealth        | 2 4 |  4.0
Throwing       | |  2.0

Action                   |  1- 3 |  4- 6 |  7- 9 || total
-------------------------+-------+-------+-------++-------
Melee: Quarterstaff      |    79 |   260 |   388 ||   727
Throw: Tomahawk          |       |       |     5 ||     5
Invok: Potion Petition   |       |       |     1 ||     1
       Call Merchant     |       |       |     1 ||     1
Evoke: Wand              |       |     1 |     7 ||     8
  Use: Potion            |       |     1 |     5 ||     6
       Scroll            |       |     7 |     5 ||    12
 Stab: Sleeping          |     2 |     3 |     6 ||    11
       Paralysed         |       |       |    11 ||    11
       Distracted        |       |       |     2 ||     2
  Eat: Ration            |       |     2 |     4 ||     6
Armor: Robe              |    14 |     4 |    16 ||    34
       Skin              |       |       |    28 ||    28
Dodge: Dodged            |    67 |   234 |   302 ||   603
